 Dungeon Crawl Stone Soup version 0.26-a0-639-g72c4674329 (webtiles) character file.

Game seed: 8080574391051537146

45651 Gottschkopf the Tortoise (level 14, -1/133 HPs)
             Began as a Minotaur Fighter on Sept 17, 2020.
             Was a High Priest of Ru.
             Slain by a mana viper (7 damage)
             ... on level 1 of the Snake Pit.
             The game lasted 00:55:41 (19216 turns).

Gottschkopf the Tortoise (Minotaur Fighter)        Turns: 19216, Time: 00:55:42

Health: -1/133     AC: 18    Str: 31    XL:     14   Next: 1%
Magic:  2/13       EV: 17    Int:  3    God:    Ru [*****.]
Gold:   1001       SH: 13    Dex: 16    Spells: 13/13 levels left

rFire    . . .     SeeInvis .   H - +4 mace (protect)
rCold    . . .     Faith    +   c - +0 kite shield
rNeg     . . .     Spirit   .   l - +1 ring mail of Durable Awe {*Corrode MR+++ Str+5 Int-2}
rPois    +         Reflect  .   (helmet unavailable)
rElec    .         Harm     .   k - +2 cloak
rCorr    .         Rampage  .   (no gloves)
MR       ++++.                  (no boots)
Stlth    ..........             x - amulet of faith
HPRegen  0.32/turn              y - +6 ring of dexterity
MPRegen  0.13/turn              K - ring of poison resistance

@: lethally poisoned (-1 -> -13), exhausted, protection aura, lightly drained
A: retaliatory headbutt, horns 3, deformed body, no stealth, inability to use
devices, hated by all, no fire magic, no translocations magic, no transmutations
magic
a: Draw Out Power, Power Leap, Apocalypse, Renounce Religion


You were on level 1 of the Snake Pit.
You worshipped Ru.
Ru was extremely pleased with you.
You visited 4 branches of the dungeon, and saw 19 of its levels.
You also visited: Sewer.

You collected 1001 gold pieces.

Inventory:

Hand Weapons
 t - a +4 scimitar of flaming
 z - a +2 vorpal morningstar
 B - the +2 mace "Cyetron" {antimagic, rC+ MR+ Int+3}
   (You found it on level 3 of the Lair of Beasts)

   It reduces the magical energy of the wielder, and disrupts the spells and
   magical abilities of those hit.
   Natural abilities and divine invocations are not affected.
   It affects your intelligence (+3).
   It protects you from cold.
   It affects your resistance to hostile enchantments.
 F - a +4 dire flail of protection
 H - a +4 mace of protection (weapon)
 S - a +2 scythe of venom
Missiles
 g - 7 atropa-tipped darts (quivered)
Armour
 c - a +0 kite shield (worn)
 k - a +2 cloak (worn)
 l - the +1 ring mail of Durable Awe (worn) {*Corrode MR+++ Str+5 Int-2}
   (You found it on level 2 of the Lair of Beasts)

   It affects your strength (+5).
   It affects your intelligence (-2).
   It affects your resistance to hostile enchantments.
   It may corrode you when you take damage.
 C - a +0 plate armour
 G - a +0 scale mail of cold resistance
 P - a +2 hat
Jewellery
 b - an uncursed amulet of the acrobat
 d - an uncursed ring of ice
 i - an uncursed amulet of magic regeneration
 q - a +4 ring of protection
 x - an amulet of faith (around neck)
 y - a +6 ring of dexterity (left hand)
 K - a ring of poison resistance (right hand)
 L - an uncursed ring of resist corrosion
 N - an uncursed amulet of regeneration
Scrolls
 o - 6 scrolls of amnesia
 r - 8 scrolls of remove curse
 w - a scroll of immolation
 A - a scroll of identify
 D - 3 scrolls of fear
 I - 4 scrolls of fog
 J - a scroll of vulnerability
 M - 2 scrolls of teleportation
 O - a scroll of blinking
 Q - a scroll of magic mapping
Potions
 a - a potion of might
 e - 5 potions of stabbing
 f - 5 potions of flight
 h - 2 potions of haste
 m - 15 potions of curing
 n - 8 potions of brilliance
 p - 4 potions of heal wounds
 s - 2 potions of cancellation
 u - 9 potions of ambrosia
 v - 3 potions of resistance
 E - 2 potions of lignification
 R - a potion of magic


   Skills:
 - Level 14.7(14.4) Fighting
   Level 2.4(7.2) Axes
 - Level 10.9(10.8) Maces & Flails
 + Level 16.7(16.5) Armour
 - Level 9.1(8.9) Dodging
 - Level 10.9(10.7) Shields


You had 13 spell levels left.
You didn't know any spells.
Your spell library contained the following spells:

 Spells                   Type           Power        Failure   Level
 Corona                   Hex            #......      80%         1
 Freeze                   Ice            #...         80%         1
 Shock                    Conj/Air       #...         80%         1
 Swiftness                Air            #.......     90%         2
 Frozen Ramparts          Ice            #.....       99%         3
 Ozocubu's Armour         Ice            #.......     99%         3
 Static Discharge         Conj/Air       #.......     99%         3
 Airstrike                Air            #.........   100%        4
 Hailstorm                Conj/Ice       #.......     100%        4
 Lightning Bolt           Conj/Air       #.........   100%        5
 Shatter                  Erth           #.........   100%        9
 Tornado                  Air            #.........   100%        9
 Animate Skeleton         Necr           Unusable     N/A         1
 Apportation              Tloc           Unusable     N/A         1
 Summon Small Mammal      Summ           Unusable     N/A         1
 Call Imp                 Summ           Unusable     N/A         2
 Call Canine Familiar     Summ           Unusable     N/A         3
 Summon Guardian Golem    Hex/Summ       Unusable     N/A         3
 Summon Ice Beast         Ice/Summ       Unusable     N/A         4
 Summon Lightning Spire   Summ/Air       Unusable     N/A         4
 Ignition                 Fire           Unusable     N/A         8

Dungeon Overview and Level Annotations

Branches:
Dungeon (11/15)            Temple (1/1) D:4            Lair (6/6) D:10
 Shoals (0/4) Lair:3        Snake (1/4) Lair:2        Slime (0/5) Lair:5
    Orc (0/2) D:11          Sewer (visited)

Altars:
Ashenzari
Cheibriados
Dithmenos
Elyvilon
Fedhas
Gozag
Hepliaklqana
Makhleb
Nemelex Xobeh
Ru
Trog
Vehumet
Wu Jian
Xom
Zin
The Shining One

Annotations:
D:3 3 runed translucent doors, Ananasrisotto's ghost, amateur GnTm


Innate Abilities, Weirdness & Mutations

You reflexively headbutt those who attack you in melee.
You have a pair of large horns on your head.
You cannot be stealthy.
You cannot study or use magical devices.
You are hated by all.
You cannot study or cast Fire magic.
You cannot study or cast Translocations magic.
You cannot study or cast Transmutations magic.
Armour fits poorly on your strangely shaped body.


Message History

The black mamba bites you.
* * * LOW HITPOINT WARNING * * *
The mana viper bites you.
* * * LOW HITPOINT WARNING * * *
You feel your power leaking away.
You bludgeon the shock serpent!!
You kill the shock serpent!
You have reached level 14!
The air sparks with electricity, shocking you!
* * * LOW HITPOINT WARNING * * *
The black mamba completely misses you. You furiously retaliate!
You headbutt the black mamba! The black mamba misses you.
You furiously retaliate!
You headbutt the black mamba! The mana viper completely misses you.
You furiously retaliate!
You headbutt the mana viper! The black mamba bites you!
* * * LOW HITPOINT WARNING * * *
You are lethally poisoned!
The black mamba poisons you! The mana viper bites you!
You die...

## ##..# #....#
####.....#
####..<.....#
#.S...#.....#
#@S...#....##
#...N....#...##
###..?...##....
##.##...####..
....#..... ...
...........# ##
......#.......
.....###.####.


You could see a mana viper (corona), a black mamba and a naga.

Vanquished Creatures
  5 dire elephants (Lair:6)
  Snorg (Lair:5)
  The ghost of Kaptain the Destroyer, a journeyman OpWz (Lair:6)
  Fannar (Lair:1)
  Erolcha (D:9)
  Harold (D:9)
  7 hydras
  3 anacondas
  Erica (D:9)
  A death yak (Lair:6)
  A shock serpent (Snake:1)
  A naga ritualist (Snake:1)
  3 oklob plants (Lair:4)
  2 mana vipers (Snake:1)
  4 elephants (Lair:6)
  A torpor snail (Lair:6)
  A merfolk siren (Lair:3)
  2 black mambas (Snake:1)
  13 cane toads
  3 rime drakes
  4 komodo dragons
  A hornet (D:10)
  3 polar bears
  A queen bee (D:9)
  A troll (D:10)
  Prince Ribbit (D:9)
  17 blink frogs
  4 hippogriffs
  2 spriggans (Lair:5)
  17 yaks
  2 wyverns
  2 basilisks
  Eustachio (D:4)
  Edmund (D:6)
  4 nagas (Lair:2)
  7 water moccasins
  Duvessa (D:4)
  4 porcupines
  4 orc warriors
  2 black bears
  2 sky beasts
  6 ice beasts
  6 centaurs
  6 wolves
  5 ogres
  12 crocodiles
  2 big kobolds
  6 bullfrogs
  Dowan (D:4)
  5 scorpions
  27 killer bees
  5 wights (D:6)
  A bullfrog zombie (D:5)
  4 hounds
  A quasit (D:6)
  A centaur zombie (D:7)
  14 jellies
  Crazy Yiuf (D:6)
  8 orc priests
  2 bullfrog skeletons
  10 orc wizards
  Ijyb (D:4)
  2 iguanas
  9 worker ants
  Terence (D:3)
  A killer bee zombie (D:7)
  2 hound skeletons
  A howler monkey zombie (D:8)
  13 adders
  2 ufetubi
  4 oozes
  2 adder skeletons
  2 worms (D:3)
  12 leopard geckos
  32 orcs
  3 ball pythons
  A giant cockroach (D:6)
  2 hobgoblins
  22 jackals
  3 quokkas
  3 bats
  2 frilled lizards (D:2)
  3 goblins
  19 kobolds
  A leopard gecko zombie (D:7)
  A quokka skeleton (D:4)
  2 quokka zombies
  9 rats
412 creatures vanquished.

Vanquished Creatures (others)
  A dire elephant (Lair:6)
  A cane toad (Lair:1)
  A water moccasin (Lair:6)
  13 fungi
  22 plants
38 creatures vanquished.

Grand Total: 450 creatures vanquished

Notes
Turn   | Place    | Note
-------+----------+-------------------------------------------
     0 | D:1      | Gottschkopf the Minotaur Fighter began the quest for the
                  | Orb.
     0 | D:1      | Reached XP level 1. HP: 19/19 MP: 0/0
   381 | D:1      | Found a glowing golden altar of the Shining One.
   510 | D:2      | Reached XP level 2. HP: 28/28 MP: 1/1
   683 | D:2      | Reached skill level 5 in Fighting
   744 | D:2      | Reached XP level 3. HP: 34/36 MP: 2/2
  1262 | D:3      | Reached XP level 4. HP: 36/44 MP: 3/3
  1595 | D:3      | Noticed Terence
  1603 | D:3      | Killed Terence
  1603 | D:3      | Reached XP level 5. HP: 47/52 MP: 4/4
  1652 | D:3      | Found a faded altar of an unknown god.
  1660 | D:3      | Became a worshipper of Vehumet
  1660 | D:3      | Reached * piety under Vehumet
  1660 | D:3      | Offered knowledge of Shock by Vehumet.
  1661 | D:3      | Fell from the grace of Vehumet
  1847 | D:3      | Found a runed translucent gate.
  1848 | D:3      | Noticed Ananasrisotto's ghost (amateur GnTm)
  1849 | D:3      | Found a runed translucent gate.
  1851 | D:3      | Found a runed translucent gate.
  2000 | D:4      | Noticed Duvessa
  2000 | D:4      | Noticed Dowan
  2043 | D:4      | Noticed Ijyb
  2049 | D:4      | Killed Ijyb
  2243 | D:4      | Reached XP level 6. HP: 42/61 MP: 5/5
  2258 | D:4      | Found a glowing drain.
  2289 | Sewer    | Entered a sewer
  3107 | D:4      | Noticed Eustachio
  3124 | D:4      | Killed Eustachio
  3124 | D:4      | Reached skill level 4 in Armour
  3124 | D:4      | Reached XP level 7. HP: 47/70 MP: 6/6
  3355 | D:4      | Found a staircase to the Ecumenical Temple.
  3437 | D:4      | Reached skill level 5 in Armour
  3437 | D:4      | Reached skill level 5 in Shields
  3662 | D:4      | Killed Dowan
  3663 | D:4      | Killed Duvessa
  3663 | D:4      | Reached skill level 6 in Armour
  3663 | D:4      | Reached XP level 8. HP: 40/78 MP: 7/7
  3992 | D:5      | Entered Level 5 of the Dungeon
  4122 | Temple   | Entered the Ecumenical Temple
  4145 | Temple   | Became a worshipper of Ru the Awakened
  4984 | D:5      | Reached skill level 7 in Armour
  6041 | D:6      | Found a runed translucent door.
  6042 | D:6      | Noticed Crazy Yiuf
  6046 | D:6      | Killed Crazy Yiuf
  6046 | D:6      | Reached XP level 9. HP: 83/83 MP: 8/8
  6239 | D:6      | Reached skill level 5 in Maces & Flails
  6350 | D:6      | Gained mutation: You cannot study or cast Fire magic. [Ru
                  | sacrifice]
  6350 | D:6      | Gained mutation: You cannot study or cast Transmutations
                  | magic. [Ru sacrifice]
  6350 | D:6      | Gained mutation: You cannot study or cast Translocations
                  | magic. [Ru sacrifice]
  6350 | D:6      | Reached * piety under Ru
  6391 | D:6      | Noticed Edmund
  6472 | D:6      | Killed Edmund
  7372 | D:7      | Reached skill level 1 in Dodging
  8216 | D:7      | Was forgiven by Vehumet
  8289 | D:8      | Reached skill level 8 in Armour
  8455 | D:8      | Reached skill level 9 in Armour
  8582 | D:8      | Reached XP level 10. HP: 85/91 MP: 9/9
  8954 | D:9      | Reached skill level 10 in Armour
  9057 | D:9      | Found a shimmering altar of Xom.
  9081 | D:9      | Noticed Erolcha
  9092 | D:9      | Killed Erolcha
  9092 | D:9      | Reached skill level 11 in Armour
  9094 | D:9      | Gained mutation: You are hated by all. [Ru sacrifice]
  9094 | D:9      | Reached ** piety under Ru
  9174 | D:9      | Reached skill level 12 in Armour
  9185 | D:9      | You fall into a shaft and drop 2 floors!
  9229 | D:11     | Noticed a white ugly thing
  9250 | D:10     | Entered Level 10 of the Dungeon
  9853 | D:10     | Reached skill level 13 in Armour
  9945 | D:10     | Paralysed by a hornet for 1 turns
 10337 | D:10     | Found a staircase to the Lair.
 10381 | D:10     | Gained mutation: You have sharp toenails. [potion of
                  | mutation]
 10381 | D:10     | Gained mutation: You are somewhat resistant to further
                  | mutation. [potion of mutation]
 10382 | D:10     | Lost mutation: You have sharp toenails. [potion of
                  | mutation]
 10382 | D:10     | Lost mutation: You are somewhat resistant to further
                  | mutation. [potion of mutation]
 10382 | D:10     | Gained mutation: You are resistant to electric shocks.
                  | (rElec) [potion of mutation]
 10382 | D:10     | Gained mutation: You passively map a small area around you.
                  | [potion of mutation]
 10470 | D:9      | Found a shadowy altar of Dithmenos.
 10476 | D:9      | Noticed Prince Ribbit
 10478 | D:9      | Noticed Erica
 10500 | D:9      | Killed Erica
 10500 | D:9      | Reached XP level 11. HP: 68/97 MP: 10/10
 10501 | D:9      | Killed Prince Ribbit
 10676 | D:9      | Noticed Harold
 10696 | D:9      | Killed Harold
 10696 | D:9      | Reached skill level 10 in Fighting
 11026 | Lair:1   | Entered Level 1 of the Lair of Beasts
 11285 | Lair:1   | Gained mutation: You cannot study or use magical devices.
                  | [Ru sacrifice]
 11285 | Lair:1   | Reached *** piety under Ru
 11285 | Lair:1   | Reached **** piety under Ru
 11328 | Lair:1   | Noticed Fannar
 11343 | Lair:1   | Killed Fannar
 11428 | Lair:1   | Reached skill level 1 in Stealth
 11433 | Lair:1   | Got a crude ring mail
 11444 | Lair:1   | Identified the +3 ring mail "Keza" {*Slow rCorr Int+6
                  | Slay-6} (You found it on level 1 of the Lair of Beasts)
 11697 | Lair:1   | Noticed an eight-headed hydra
 11710 | Lair:1   | Killed a five-headed hydra
 12024 | Lair:2   | Found a staircase to the Snake Pit.
 12141 | Lair:2   | Got a faintly glowing ring mail
 12153 | Lair:2   | Identified the +1 ring mail of Durable Awe {*Corrode MR+++
                  | Str+5 Int-2} (You found it on level 2 of the Lair of
                  | Beasts)
 12356 | Lair:2   | Noticed a four-headed hydra
 12366 | Lair:2   | Killed a one-headed hydra
 12426 | Lair:2   | Reached XP level 12. HP: 115/116 MP: 11/11
 12590 | Lair:2   | You fall into a shaft and drop 2 floors!
 13319 | Lair:3   | Gained mutation: You cannot be stealthy. [Ru sacrifice]
 13319 | Lair:3   | Reached ***** piety under Ru
 13481 | Lair:3   | Found a staircase to the Shoals.
 13552 | Lair:3   | Got a crystal mace
 13553 | Lair:3   | Identified the +2 mace "Cyetron" {antimagic, rC+ MR+ Int+3}
                  | (You found it on level 3 of the Lair of Beasts)
 14140 | Lair:4   | Reached skill level 10 in Maces & Flails
 14182 | Lair:4   | Noticed a five-headed hydra
 14191 | Lair:4   | Killed a two-headed hydra
 14207 | Lair:4   | Got a shimmering chain mail
 14218 | Lair:4   | Identified the cursed +0 chain mail of Makhleb's Grace
                  | {*Slow rN+ Dex+2 Stlth+} (You found it on level 4 of the
                  | Lair of Beasts)
 14525 | Lair:4   | Noticed a six-headed hydra
 14531 | Lair:4   | Killed a four-headed hydra
 14665 | Lair:4   | Reached skill level 5 in Dodging
 14831 | Lair:4   | HP: 5/118 [acid (6)]
 15375 | Lair:5   | Found a staircase to the Slime Pits.
 15441 | Lair:5   | Noticed a six-headed hydra
 15449 | Lair:5   | Killed a two-headed hydra
 15449 | Lair:5   | Reached skill level 10 in Shields
 15684 | Lair:5   | Noticed an eight-headed hydra
 15692 | Lair:5   | Killed a five-headed hydra
 15692 | Lair:5   | Reached XP level 13. HP: 85/125 MP: 12/12
 15941 | Lair:5   | Noticed Snorg
 15950 | Lair:5   | Killed Snorg
 16135 | Lair:6   | Entered Level 6 of the Lair of Beasts
 16156 | Lair:6   | Reached skill level 14 in Armour
 16349 | Lair:6   | Got an ancient hand axe
 16368 | Lair:6   | Identified the cursed +1 hand axe "Ogred" {drain, MR+
                  | Int+4} (You found it on level 6 of the Lair of Beasts)
 16691 | Lair:6   | Reached skill level 15 in Armour
 17127 | Lair:6   | Found a runed translucent door.
 17127 | Lair:6   | Noticed Kaptain's ghost (journeyman OpWz)
 17141 | Lair:6   | Killed Kaptain's ghost
 17820 | Lair:6   | Reached skill level 16 in Armour
 18107 | Lair:6   | Noticed a dire elephant
 18107 | Lair:6   | Noticed a dire elephant
 18124 | Lair:6   | Killed a dire elephant
 18129 | Lair:6   | Killed a dire elephant
 18349 | Lair:6   | Noticed a dire elephant
 18369 | Lair:6   | Killed a dire elephant
 18628 | Lair:6   | Lost mutation: You passively map a small area around you.
                  | [potion of mutation]
 18628 | Lair:6   | Lost mutation: You are resistant to electric shocks.
                  | (rElec) [potion of mutation]
 18628 | Lair:6   | Gained mutation: You are frail. (-10% HP) [potion of
                  | mutation]
 18628 | Lair:6   | Gained mutation: Your flesh is cold resistant. (rC+)
                  | [potion of mutation]
 18628 | Lair:6   | Gained mutation: You have very sharp teeth. [potion of
                  | mutation]
 18629 | Lair:6   | Lost mutation: You are frail. (-10% HP) [potion of
                  | mutation]
 18629 | Lair:6   | Lost mutation: Your flesh is cold resistant. (rC+) [potion
                  | of mutation]
 18629 | Lair:6   | Lost mutation: You have very sharp teeth. [potion of
                  | mutation]
 18629 | Lair:6   | Gained mutation: Armour fits poorly on your strangely
                  | shaped body. [potion of mutation]
 18629 | Lair:6   | Gained mutation: You have a pair of large horns on your
                  | head. [potion of mutation]
 18675 | Lair:6   | Noticed a dire elephant
 18697 | Lair:6   | Killed a dire elephant
 18982 | Lair:6   | Noticed a dire elephant
 18997 | Lair:6   | Killed a dire elephant
 19032 | Lair:6   | Noticed a dire elephant
 19049 | Lair:6   | Killed a dire elephant
 19172 | Snake:1  | Entered Level 1 of the Snake Pit
 19215 | Snake:1  | Reached XP level 14. HP: 26/133 MP: 1/13
 19216 | Snake:1  | HP: 6/133 [black mamba (12)]
 19216 | Snake:1  | Slain by a mana viper

Illustrated notes

Levels and vault maps discovered:
D:1:      dpeg_arrival_windows_large_door, layout_loops_cross, hex_medium,
          tso_altar
D:2:      layout_rooms
D:3:      layout_loops_ring, ebering_ghost_rock_garden,
          chequers_ecumenical_altar_simple, uniq_terence
D:4:      layout_loops_ring, minmay_temple_entry_from_below_b,
          gup_sewer_entry_pipe, st_stairs_3, uniq_eustachio, uniq_ijyb,
          uniq_duvessa
D:5:      layout_gridville, kennysheep_donut, wad_floor_pattern_2
D:6:      layout_basic, kb_rosetta, uniq_crazy_yiuf_cottage, uniq_edmund
D:7:      layout_basic
D:8:      layout_loops_cross
D:9:      layout_roguey, nicolae_overflow_crystal_walls, special_room
          [special_room_bee], basic_altar, uniq_prince_ribbit1, uniq_harold,
          uniq_erolcha, uniq_erica
D:10:     layout_rooms, lair_entry_dummy
D:11:     layout_stronghold, erik_orc_4, serial_shops, kennysheep_little_box,
          minivault_14, minivault_19, uniq_gastronok
Temple:   grunt_wide_crystal_templ
Lair:1:   layout_chaotic_city, grunt_megastairs_3, lemuel_fruit_tree,
          uniq_fannar
Lair:2:   layout_concentric_octagons, minmay_snake_entry_guardpost_small,
          grunt_megastairs_2
Lair:3:   layout_regular_city, minmay_shoals_entry_lonely_mermaid
Lair:4:   layout_roguey, minmay_lair_oklob_chamber, grunt_megastairs_1
Lair:5:   layout_gridlike, minmay_slime_entry_jelly_boxes, forest_entry_grove,
          uniq_snorg
Lair:6:   due_jungle_book, layout_misc_corridors, gammafunk_ghost_grave
Snake:1:  layout_honeycomb, basic_altar

Skill      XL: |  1  2  3  4  5  6  7  8  9 10 11 12 13 |
---------------+----------------------------------------+-----
Fighting       | 4 5 7 8 9 13 14 | 14.7
Armour         | 4 6 7 9 13 16 | 16.7
Shields        | 4 6 7 10 | 10.9
Maces & Flails | 4 9 10 | 10.9
Dodging        | 3 6 9 |  9.1
Stealth        | 3 0 |  0.0
Axes           | |  2.4

Action                   |  1- 3 |  4- 6 |  7- 9 | 10-12 | 13-15 || total
-------------------------+-------+-------+-------+-------+-------++-------
Melee: War axe           |    96 |   148 |    45 |       |       ||   289
       Headbutt          |    11 |    33 |    62 |   151 |   147 ||   404
       Mace              |       |       |    63 |    92 |   253 ||   408
       Morningstar       |       |       |   124 |    63 |    57 ||   244
       Dire flail        |       |       |    22 |   388 |       ||   410
       Unarmed           |       |       |     1 |       |       ||     1
       Scimitar          |       |       |       |    26 |     6 ||    32
Invok: Renounce Religion |       |     1 |       |       |       ||     1
       Sacrifice Arcana  |       |       |     1 |       |       ||     1
       Sacrifice Love    |       |       |       |     1 |       ||     1
       Sacrifice Artific |       |       |       |     1 |       ||     1
       Sacrifice Stealth |       |       |       |     1 |       ||     1
       Reject Sacrifices |       |       |       |     1 |       ||     1
       Draw Out Power    |       |       |       |       |     1 ||     1
       Apocalypse        |       |       |       |       |     1 ||     1
  Use: Scroll            |       |     1 |     8 |    19 |     4 ||    32
       Potion            |       |       |     1 |     2 |     2 ||     5
 Stab: Invisible         |       |       |       |     7 |     4 ||    11
       Distracted        |       |       |       |     2 |     3 ||     5
       Paralysed         |       |       |       |       |     5 ||     5
Armor: Scale mail        |    28 |       |       |       |       ||    28
       Chain mail        |    34 |    82 |    75 |       |       ||   191
       Plate armour      |       |       |    52 |   174 |       ||   226
       Ring mail         |       |       |       |    91 |    74 ||   165
Dodge: Dodged            |    20 |    43 |    69 |   281 |   145 ||   558
Block: Kite shield       |    56 |    62 |   139 |   116 |   176 ||   549
       Rpst.: Scimitar   |       |       |       |     2 |       ||     2

Table legend: (Time is in decaauts)
 A = Elapsed time spent in this place.
 B = Non-inter-level travel time spent in this place.
 C = Inter-level travel time spent in this place.
 D = Time resting spent in this place.
 E = Time spent auto-exploring this place.
 F = Levels seen in this place.
 G = Mean time per level.
                   A        B        C        D        E       F      G
               +--------+--------+--------+--------+--------+-----+--------+
         Total |  19352 |  18506 |    846 |   2619 |  12436 |  20 |  967.6 |
       Dungeon |  10802 |  10245 |    557 |   1124 |   7285 |  11 |  982.0 |
        Temple |     36 |     24 |     12 |      0 |     15 |   1 |   36.0 |
          Lair |   8094 |   7817 |    277 |   1494 |   4887 |   6 | 1349.0 |
     Snake Pit |     38 |     38 |      0 |      0 |      0 |   1 |   38.0 |
         Sewer |    381 |    381 |      0 |      0 |    248 |   1 |  381.0 |
               +--------+--------+--------+--------+--------+-----+--------+

Top non-repeatable levels by time:
  Lair:6: 2750 daAuts
     D:4: 1635 daAuts
     D:6: 1559 daAuts
     D:7: 1556 daAuts
  Lair:4: 1195 daAuts
    D:10: 1188 daAuts
  Lair:2: 1187 daAuts
  Lair:5: 1173 daAuts
     D:5: 1123 daAuts
     D:3: 1111 daAuts
  Lair:1: 929 daAuts
     D:9: 892 daAuts
  Lair:3: 858 daAuts
     D:8: 630 daAuts
     D:2: 536 daAuts
